 Dungeon Crawl Stone Soup version 0.19-a0-994-g3c636f0 (webtiles) character file.

285 Gagarin the Ducker (level 6, -1/61 HPs)
             Began as a Troll Fighter on July 15, 2016.
             Killed by nerve-wracking pain
             ... invoked by Grinder
              (5 damage)
             ... on level 3 of the Dungeon.
             The game lasted 00:13:01 (2491 turns).

Gagarin the Ducker (Troll Fighter)                  Turns: 2491, Time: 00:13:01

Health: -1/61      AC:  5    Str: 27    XL:     6   Next: 7%
Magic:  5/5        EV:  9    Int:  4    God:
Gold:   165        SH:  9    Dex:  9    Spells: 0 memorised, 5 levels left

rFire  . . .     SeeInvis .     a - +0 flail
rCold  . . .     Gourm    +     b - +0 robe
rNeg   . . .     Faith    .     c - +0 shield
rPois  .         Spirit   .     (helmet restricted)
rElec  .         Dismiss  .     (no cloak)
rCorr  .         Reflect  .     (gloves unavailable)
SustAt .         Harm     .     (boots unavailable)
MR     .....                    (no amulet)
Stlth  +.........               (no ring)
                                (no ring)

@: not resistant to hostile enchantments, very unstealthy
A: unfitting armour, claws 3, fast metabolism 3, gourmand, regeneration 2,
shaggy fur 1, tough skin 2
a: no special abilities


You were on level 3 of the Dungeon.
You were very full.

You visited 1 branch of the dungeon, and saw 3 of its levels.

You collected 165 gold pieces.

Inventory:

Hand Weapons
 a - a +0 flail (weapon)
 o - a +0 hunting sling
Armour
 b - a +0 robe (worn)
 c - a +0 shield (worn)
 e - a +0 animal skin
Jewellery
 g - a cursed ring of loudness {unknown}
 u - a +3 ring of strength {unknown}
Scrolls
 h - 2 scrolls of enchant armour {unknown}
 i - a scroll of amnesia {unknown}
 k - a scroll of remove curse {unknown}
 l - 4 scrolls of teleportation {unknown}
 n - 2 scrolls of magic mapping {unknown}
 q - 3 scrolls of immolation {unknown}
 s - a scroll of identify {unknown}
 v - a scroll of fear {unknown}
Potions
 d - a potion of might
 p - a potion of cure mutation {unknown}
 t - a potion of beneficial mutation {unknown}
Comestibles
 f - 5 bread rations
 j - a meat ration
 m - 7 chunks of flesh
 r - 3 fruits


   Skills:
 + Level 3.1 Fighting
 + Level 2.4 Maces & Flails
 + Level 4.2 Dodging
 + Level 3.5 Shields


You had 5 spell levels left.
You didn't know any spells.

Dungeon Overview and Level Annotations

Branches:
Dungeon (3/15)

Altars:
Pakellas
Qazlal
Uskayaw
Xom
Zin
The Shining One

Annotations:
D:3 Grinder


Innate Abilities, Weirdness & Mutations

You are too large for most types of armour.
You have claws for hands.
Your metabolism is lightning-fast.
You like to eat raw meat.
You heal very quickly.
You are covered in fur. (AC +1)
You have very tough skin. (AC +2)


Message History

* * * LOW HITPOINT WARNING * * *
You hit Grinder.
Grinder is heavily wounded.
You block Grinder's attack.
You sock Grinder!
Grinder is severely wounded.
Grinder says, "What is the universe for?"
Grinder gestures at you. You resist with significant effort.
You barely miss Grinder.
Grinder is severely wounded.
Grinder hits you!
* * * LOW HITPOINT WARNING * * *
You writhe in agony.
* * * LOW HITPOINT WARNING * * *
You closely miss Grinder.
Grinder is severely wounded.
Grinder gestures at you. Pain shoots through your body!
You die...

#....≈≈≈≈≈≈
###.#...P≈P≈≈
.$.#..≈≈P≈≈≈ .....P≈≈≈P≈
.. ......≈≈P≈ #..
.....≈≈≈≈ .. ... ..#.#
#5.≈≈≈P≈≈ .# #^# #.#.#
#@†≈≈≈≈≈≈ .# .....
#.#.###...≈≈≈≈P
.#.......#........≈≈≈≈≈≈
.#.......#..##....≈≈≈≈≈≈
.^. _............#.####
.# ....#....##..#.# .# .
#..........$ .#
#÷.......#...
.#########.#####...#.##


You could see Grinder.

Vanquished Creatures
  A gnoll shaman (D:3)
  Jessica (D:3)
  Robin (D:3)
  8 gnolls
  5 adders
  2 worms (D:2)
  2 dart slugs
  3 giant geckos
  2 orcs (D:3)
  A ball python (D:3)
  2 giant cockroaches
  13 goblins
  10 hobgoblins
  9 jackals (D:2)
  13 kobolds
  7 bats
  2 giant newts (D:2)
  5 rats
87 creatures vanquished.

Vanquished Creatures (others)
  A hydra (D:2)
  A plant (D:3)
2 creatures vanquished.

Grand Total: 89 creatures vanquished

Notes
Turn   | Place    | Note
-------+----------+-------------------------------------------
     0 | D:1      | Gagarin the Troll Fighter began the quest for the Orb.
     0 | D:1      | Reached XP level 1. HP: 22/22 MP: 0/0
   183 | D:1      | Reached XP level 2. HP: 29/29 MP: 1/1
   728 | D:2      | Reached XP level 3. HP: 5/36 MP: 2/2
   849 | D:2      | Reached skill level 3 in Dodging
   892 | D:2      | HP: 1/36 [gnoll/spear (2)]
   893 | D:2      | Reached XP level 4. HP: 2/44 MP: 3/3
  1126 | D:2      | Noticed an angel
  1127 | D:2      | Found a shimmering altar of Xom.
  1127 | D:2      | Found a glowing silver altar of Zin.
  1280 | D:2      | Found an oddly glowing altar of Pakellas.
  1281 | D:2      | Noticed a four-headed hydra
  1294 | D:2      | Killed a four-headed hydra
  1295 | D:2      | Found a hide-covered altar of Uskayaw.
  1588 | D:3      | Reached XP level 5. HP: 53/53 MP: 4/4
  1638 | D:3      | Noticed Robin
  1671 | D:3      | Killed Robin
  1850 | D:3      | Found a glowing golden altar of the Shining One.
  2083 | D:3      | Noticed Jessica
  2091 | D:3      | Killed Jessica
  2091 | D:3      | Reached skill level 4 in Dodging
  2212 | D:3      | HP: 1/53 [gnoll/halberd (15)]
  2213 | D:3      | Reached XP level 6. HP: 1/61 MP: 5/5
  2371 | D:3      | Noticed Grinder
  2464 | D:3      | Found a stormy altar of Qazlal.
  2478 | D:3      | Paralysed by Grinder for 3 turns
  2490 | D:3      | HP: 3/61 [Grinder (6)]
  2491 | D:3      | Killed from afar by Grinder

Vault maps used:
D:1:      matt_arrival_diagonals
D:2:      grunt_temple_overflow_order_and_chaos_1,
          eat_drink_and_be_merry_uskayaw, gammafunk_pakellas_spire_experiment
D:3:      minmay_goblin_kobold_castle, lemuel_doored_altar, serial_bayou,
          serial_bayou_shore_a, serial_bayou_ford_a, serial_bayou_pond_a,
          serial_bayou_crossing, first_bread, lemuel_tele_altar, uniq_robin,
          uniq_grinder, uniq_jessica

Skill      XL: |  1  2  3  4  5 |
---------------+----------------+-----
Maces & Flails | 2 |  2.4
Shields        | 3 |  3.5
Dodging        | 3 4 |  4.2
Fighting       | 3 |  3.1

Action                   |  1- 3 |  4- 6 || total
-------------------------+-------+-------++-------
Melee: Flail             |   134 |   256 ||   390
  Use: Potion            |     5 |     1 ||     6
  Eat: Chunk             |    14 |    16 ||    30
Armor: Robe              |    69 |   110 ||   179
       Skin              |    15 |    18 ||    33
Dodge: Dodged            |    64 |   159 ||   223
Block: Shield            |    99 |   184 ||   283
